 Dungeon Crawl Stone Soup version 0.22-a0-479-gc6e99f3 (webtiles) character file.

3719 Azzok the Warrior (level 9, -2/100 HPs)
             Began as a Minotaur Berserker on June 14, 2018.
             Was a High Priest of Trog.
             Slain by a crocodile (3 damage)
             ... on level 7 of the Dungeon.
             The game lasted 00:14:01 (6831 turns).

Azzok the Warrior (Minotaur Berserker)              Turns: 6831, Time: 00:14:02

Health: -2/100     AC:  9    Str: 23    XL:     9   Next: 92%
Magic:  8/8        EV:  8    Int:  4    God:    Trog [*****.]
Gold:   411        SH:  0    Dex: 12    Spells: 8/8 levels left

rFire    . . .     SeeInvis .   d - +3 quarterstaff (chaos)
rCold    . . .     Gourm    .   (shield currently unavailable)
rNeg     . . .     Faith    .   y - +0 chain mail (curse)
rPois    .         Spirit   .   (helmet restricted)
rElec    .         Reflect  .   u - +2 cloak {MR+}
rCorr    .         Harm     .   C - +0 pair of gloves
MR       +....                  (no boots)
Stlth    ..........             (no amulet)
HPRegen  0.26/turn              k - ring of flight
MPRegen  0.11/turn              B - -2 ring of strength (curse)

@: about to teleport, berserk cooldown, slowed, very slow
A: retaliatory headbutt, horns 2, agile 1, deformed body
a: Berserk, Trog's Hand, Brothers in Arms, Renounce Religion, Evoke Flight


You were on level 7 of the Dungeon.
You worshipped Trog.
Trog was extremely pleased with you.
You were not hungry.

You visited 1 branch of the dungeon, and saw 8 of its levels.
You also visited: Ossuary.

You collected 411 gold pieces.

Inventory:

Hand Weapons
 a - a +0 falchion
 d - a +3 quarterstaff of chaos (weapon)
 r - a +2 flail of draining
Missiles
 i - 134 arrows
Armour
 u - a +2 cloak of magic resistance (worn)
 y - a cursed +0 chain mail (worn)
 C - a +0 pair of gloves (worn)
Jewellery
 k - a ring of flight (left hand)
 B - a cursed -2 ring of strength (right hand)
 J - an uncursed ring of protection from magic {unknown}
Wands
 n - a wand of polymorph (7)
 q - a wand of paralysis (6)
 D - a wand of random effects (16)
Scrolls
 b - 3 scrolls of random uselessness {unknown}
 e - 7 scrolls of identify
 g - 4 scrolls of amnesia
 j - 4 scrolls of teleportation
 l - 3 scrolls of noise {unknown}
 p - 2 scrolls of immolation {unknown}
 t - 2 scrolls of remove curse
 v - 5 scrolls of enchant armour {unknown}
 w - 2 scrolls of fog {unknown}
 x - a scroll of blinking {unknown}
 A - 2 scrolls of fear {unknown}
 I - a scroll of magic mapping {unknown}
Potions
 f - a potion of lignification {unknown}
 h - a potion of might {unknown}
 m - 5 potions of heal wounds {unknown}
 o - a potion of brilliance {unknown}
 s - a potion of invisibility {unknown}
 z - 3 potions of curing {unknown}
 E - a potion of cancellation {unknown}
 F - a potion of haste {unknown}
 G - 3 potions of degeneration {unknown}
 H - a potion of mutation {unknown}
Comestibles
 c - 14 rations
 K - 3 chunks of flesh


   Skills:
 + Level 16.2 Fighting
 - Level 3.6 Long Blades
 - Level 2.4 Armour
 - Level 2.1 Dodging


You had 8 spell levels left.
You didn't know any spells.
Your spell library was empty.

Dungeon Overview and Level Annotations

Branches:
Dungeon (8/15)             Temple (0/1) D:6
   Lair: D:8-11

Altars:
Fedhas
Gozag
Okawaru
Qazlal
Sif Muna
Trog
Xom
Yredelemnul

Shops:
D:4 =::*   D:7 !


Innate Abilities, Weirdness & Mutations

You reflexively headbutt those who attack you in melee.
You have a pair of horns on your head.
You are agile. (Dex +2)
Armour fits poorly on your strangely shaped body.


Message History

The porcupine closely misses you. You furiously retaliate!
You headbutt the porcupine. The crocodile bites you! The porcupine bites you!
* * * LOW HITPOINT WARNING * * *
As you read the scroll of teleportation, it crumbles to dust.
You feel strangely unstable.
The porcupine bites you but does no damage.
The crocodile barely misses you. You furiously retaliate!
You headbutt the crocodile. The porcupine bites you!
* * * LOW HITPOINT WARNING * * *
The crocodile closely misses you.
You are struck by the porcupine's spines.
* * * LOW HITPOINT WARNING * * *
You barely miss the porcupine. You headbutt the porcupine.
The porcupine is severely wounded.
The porcupine bites you.
* * * LOW HITPOINT WARNING * * *
The porcupine bites you.
* * * LOW HITPOINT WARNING * * *
The crocodile bites you.
You die...

▒·▒···▒▒▒ ▒^····>·····▒ ▒▒···
▒·▒·····▒ ▒▒▒·▒▒▒▒▒▒···▒▒
▒▒·· ▒·▒···▒·▒ ▒···▒▒▒ ▒▒▒·▒
▒▒· ▒·····▒·▒ ▒·▒···▒ ▒·▒ ▒··
▒▒▒▒▒·▒·▒ ▒·▒▒▒·▒ ▒·▒ ▒··
▒·▒·▒ ▒·▒▒▒·▒▒▒▒▒▒·▒ ▒··
▒·▒·▒ ▒···h▒·····▒·▒▒▒▒ ▒··
▒·▒·▒ ▒▒▒▒▒t▒·········▒▒▒▒·(
▒·▒·▒ ▒@▒·▒▒·▒·▒▒····(((
▒·▒·▒▒▒▒▒▒▒▒r▒·▒▒·▒·▒▒··▒▒▒·)
▒···▒▒·······················
▒▒▒·▒▒·▒▒▒··▒▒▒▒▒·▒·▒▒··▒▒▒·▒
▒····▒ ▒·_········▒▒······▒
▒·▒▒·▒▒▒·▒▒▒▒▒·(·▒▒▒··▒▒▒▒▒
▒·▒▒······▒ ▒···▒ ▒··▒
▒·▒▒▒▒▒▒▒·▒ ▒▒·▒▒▒▒··▒ ▒·▒
▒·▒ ▒▒▒<▒▒····▒▒▒▒▒


You could see a crocodile, a wolf and a porcupine.

Vanquished Creatures
  A two-headed ogre (D:8)
  The ghost of Zorot the Skirmisher, a novice DsGl of Makhleb (D:5)
  Sigmund (D:5)
  Menkaure (D:5)
  2 ice beasts (D:8)
  An orc warrior (D:8)
  2 phantoms
  An ogre (D:7)
  A big kobold (D:7)
  5 bullfrogs
  A water moccasin zombie (Ossuary)
  3 scorpions (D:6)
  The ghost of Slunt the Insei, a weakling DsMo (D:3)
  7 wights (D:7)
  A howler monkey (D:4)
  A quasit (D:8)
  2 hounds
  Crazy Yiuf (D:5)
  3 orc priests (D:4)
  A jelly (D:8)
  4 orc wizards (D:4)
  Terence (D:1)
  5 worker ants
  3 big kobold zombies (Ossuary)
  2 mummies (Ossuary)
  A hound skeleton (D:4)
  A worker ant zombie (D:5)
  A howler monkey skeleton (D:4)
  4 gnolls (D:2)
  10 adders
  A shadow imp (D:5)
  3 oozes
  4 adder zombies
  A worm (D:2)
  7 leopard geckos
  12 orcs
  8 giant cockroaches
  4 gnoll zombies
  12 goblins
  5 hobgoblins
  8 jackals
  14 kobolds
  2 quokkas
  A ball python (D:5)
  5 bats
  8 frilled lizards
  5 hobgoblin zombies (Ossuary)
  5 kobold zombies (Ossuary)
  6 orc zombies (Ossuary)
  9 rats
189 creatures vanquished.

Vanquished Creatures (others)
  A bullfrog (D:8)
  A hound (D:8)
  A gnoll (D:8)
  3 fungi (D:6)
6 creatures vanquished.

Grand Total: 195 creatures vanquished

Notes
Turn   | Place    | Note
-------+----------+-------------------------------------------
     0 | D:1      | Azzok the Minotaur Berserker began the quest for the Orb.
     0 | D:1      | Reached XP level 1. HP: 19/19 MP: 0/0
    30 | D:1      | Reached skill level 4 in Fighting
   230 | D:1      | Reached XP level 2. HP: 27/28 MP: 1/1
   725 | D:1      | Reached ** piety under Trog
   736 | D:1      | Reached skill level 5 in Fighting
   797 | D:1      | Reached XP level 3. HP: 35/36 MP: 2/2
   967 | D:2      | Noticed a bullfrog
   975 | D:2      | Killed a bullfrog
   975 | D:2      | Reached skill level 6 in Fighting
   975 | D:2      | Reached XP level 4. HP: 44/45 MP: 3/3
  1112 | D:2      | Reached skill level 7 in Fighting
  1112 | D:2      | Reached XP level 5. HP: 49/52 MP: 4/4
  1222 | D:2      | Noticed Terence
  1405 | D:1      | Killed Terence
  1609 | D:2      | Gained mutation: You are agile. (Dex +2) [mutagenic glow]
  1640 | D:2      | Gained mutation: Armour fits poorly on your strangely shaped body. [mutagenic glow]
  1656 | D:2      | Found an iron altar of Okawaru.
  1734 | D:2      | Found an opulent altar of Gozag.
  1815 | D:2      | Reached skill level 8 in Fighting
  1900 | D:3      | Noticed Slunt's ghost (weakling DsMo)
  1906 | D:3      | Killed Slunt's ghost
  1906 | D:3      | Reached XP level 6. HP: 61/61 MP: 5/5
  1907 | D:3      | Reached *** piety under Trog
  2341 | D:3      | Found a deep blue altar of Sif Muna.
  2859 | D:4      | Found Fiwnoaro's Book Shoppe.
  3025 | D:4      | Reached skill level 9 in Fighting
  3076 | D:4      | Found Ceoh's General Store.
  3112 | D:4      | Found Voniq's Book Shop.
  3233 | D:4      | Reached skill level 10 in Fighting
  3233 | D:4      | Reached XP level 7. HP: 72/72 MP: 6/6
  3751 | D:4      | Found a bloodstained altar of Trog.
  3839 | D:4      | Found Jifoa's Jewellery Shoppe.
  3931 | D:5      | Entered Level 5 of the Dungeon
  4113 | D:5      | Noticed Zorot's ghost (novice DsGl)
  4126 | D:5      | Killed Zorot's ghost
  4126 | D:5      | Reached skill level 12 in Fighting
  4126 | D:5      | Reached XP level 8. HP: 83/83 MP: 7/7
  4130 | D:5      | Noticed Sigmund
  4169 | D:5      | Killed Sigmund
  4268 | D:5      | Noticed Menkaure
  4278 | D:5      | Killed Menkaure
  4278 | D:5      | Reached **** piety under Trog
  4632 | D:5      | Found a runed door.
  4636 | D:5      | Noticed Crazy Yiuf
  4638 | D:5      | Killed Crazy Yiuf
  4734 | D:6      | Reached skill level 13 in Fighting
  4957 | D:6      | Found a stormy altar of Qazlal.
  5212 | D:6      | Found a staircase to the Ecumenical Temple.
  5288 | D:6      | Found a basalt altar of Yredelemnul.
  5684 | D:7      | Reached XP level 9. HP: 94/94 MP: 8/8
  5804 | D:7      | Found a sand-covered staircase.
  5811 | Ossuary  | Entered an ossuary
  5834 | Ossuary  | Reached skill level 14 in Fighting
  6108 | D:7      | Found a blossoming altar of Fedhas.
  6134 | D:7      | Found Lamux's Distillery.
  6603 | D:7      | Reached skill level 15 in Fighting
  6662 | D:8      | Reached ***** piety under Trog
  6796 | D:8      | Found a shimmering altar of Xom.
  6806 | D:8      | Noticed a two-headed ogre
  6811 | D:8      | Killed a two-headed ogre
  6811 | D:8      | Reached skill level 16 in Fighting
  6831 | D:7      | HP: 5/100 [porcupine (4)]
  6831 | D:7      | HP: 1/100 [porcupine (4)]
  6831 | D:7      | Slain by a crocodile

Vault maps used:
D:1:      dpeg_arrival_boxes_within_box, hex_medium, serial_bayou_ford_a
D:2:      lemuel_doored_altar, nicolae_overflow_crystal_walls, first_ration,
          minmay_domino_4, uniq_terence
D:3:      lemuel_blue_sif_altar
D:4:      kennysheep_big_flooded_room, lemuel_round_altar, serial_shops,
          kennysheep_little_box, shop_statue, nicolae_shop_statue_plus, shop,
          minmay_a_box_with_orc_wizards_in_it
D:5:      uniq_crazy_yiuf_cottage, uniq_menkaure, uniq_sigmund
D:6:      old_forge, lemuel_zombie_altar_yredelemnul,
          nicolae_qazlal_general_emergency, minmay_temple_entry_hall
D:7:      overflow_temple_1_default, chequers_ossuary_entry_cave, serial_shops,
          shop_fountains, grunt_ogre_cave
D:8:      vehumet_altar_wand_db, xom_confusion_cloud, minmay_lair_entry_grove
Ossuary:  ossuary_tomb_2

Skill      XL: |  1  2  3  4  5  6  7  8  9 |
---------------+----------------------------+-----
Fighting       | 4 5 6 7 8 10 12 13 16 | 16.2
Long Blades    | |  3.6
Armour         | |  2.4
Dodging        | |  2.1

Action                   |  1- 3 |  4- 6 |  7- 9 || total
-------------------------+-------+-------+-------++-------
Melee: Falchion          |    53 |   113 |     8 ||   174
       Headbutt          |     5 |    28 |    53 ||    86
       Unarmed           |       |     8 |       ||     8
       Flail             |       |       |    44 ||    44
       Quarterstaff      |       |       |   172 ||   172
Invok: Berserk           |     1 |     9 |     7 ||    17
  Use: Scroll            |       |       |     4 ||     4
 Stab: Paralysed         |       |       |     2 ||     2
  Eat: Chunk             |       |     9 |    12 ||    21
       Ration            |       |     2 |     2 ||     4
Armor: Ring mail         |    14 |     7 |       ||    21
       Scale mail        |       |     4 |       ||     4
       Skin              |       |     3 |       ||     3
       Chain mail        |       |    26 |   118 ||   144
Dodge: Dodged            |    32 |    78 |   101 ||   211
       Rpst.: Falchion   |     8 |    16 |       ||    24

Table legend:
 A = Spawn XP
 B = Non-spawn XP
 C = Spawn XP percentage of total XP
 D = Spawn monster count
 E = Non-spawn monster count
 F = Spawn count percentage of total count
 G = Total turns spent on level
                    A         B        C        D         E        F      G
               +---------+---------+-------+---------+---------+-------+---------
         Total |       0 |    5314 |   0.0 |       0 |     189 |   0.0 |  6831
               +---------+---------+-------+---------+---------+-------+---------
           D:1 |       0 |      98 |   0.0 |       0 |      31 |   0.0 |  1141
           D:2 |       0 |     253 |   0.0 |       0 |      31 |   0.0 |   772
           D:3 |       0 |     108 |   0.0 |       0 |      17 |   0.0 |   869
           D:4 |       0 |     610 |   0.0 |       0 |      24 |   0.0 |  1149
           D:5 |       0 |    1134 |   0.0 |       0 |      14 |   0.0 |   732
           D:6 |       0 |     504 |   0.0 |       0 |      13 |   0.0 |   887
           D:7 |       0 |     983 |   0.0 |       0 |      22 |   0.0 |   998
           D:8 |       0 |    1393 |   0.0 |       0 |      10 |   0.0 |    72
       Ossuary |       0 |     231 |   0.0 |       0 |      27 |   0.0 |   211
               +---------+---------+-------+---------+---------+-------+---------
